 Dungeon Crawl Stone Soup version 0.27-a0-67-g4bfc8a49e1 (webtiles) character file.

Game seed: 986426202334089987

1288 Borgoz the Cudgeller (level 8, -1/48 HPs)
             Began as a Gargoyle Gladiator on Jan 9, 2021.
             Was a Follower of Zin.
             Slain by an orc warrior
             ... wielding a +0 glaive
             ... created by the fury of Okawaru
              (11 damage)
             ... on level 6 of the Dungeon.
             The game lasted 00:07:11 (5510 turns).

Borgoz the Cudgeller (Gargoyle Gladiator)           Turns: 5510, Time: 00:07:11

Health: -1/48      AC: 17    Str: 30    XL:     8   Next: 55%
Magic:  0/8        EV: 13    Int:  9    God:    Zin [*.....]
Gold:   149        SH:  0    Dex: 13    Spells: 7/7 levels left

rFire    . . .     SeeInvis .   s - +0 morningstar
rCold    . . .     Faith    .   (no shield)
rNeg     + . .     Spirit   +   j - +0 scale mail
rPois    ∞         Reflect  .   c - +0 helmet
rElec    +         Harm     .   f - +2 cloak {rCorr}
rCorr    +         Rampage  .   (no gloves)
Will     .....                  (no boots)
Stlth    ..........             m - amulet of guardian spirit
HPRegen  0.16/turn              e - +6 ring of strength
MPRegen  0.11/turn              n - +6 ring of strength

@: no status effects
A: negative energy resistance 1, electricity resistance, unbreathing,
petrification resistance, miasma immunity, AC +5
a: Renounce Religion, Recite, Donate Gold


You were on level 6 of the Dungeon.
You worshipped Zin.
Zin was aware of your devotion.
You visited 2 branches of the dungeon, and saw 7 of its levels.

You collected 231 gold pieces.
You spent 66 gold pieces at shops.
You donated 16 gold pieces to Zin.

Inventory:

Hand Weapons
 s - a +0 morningstar (weapon)
Missiles
 d - 3 throwing nets (quivered)
Armour
 c - a +0 helmet (worn)
 f - a +2 cloak of preservation (worn)
 j - a +0 scale mail (worn)
Jewellery
 b - an uncursed ring of protection from fire
 e - a +6 ring of strength (left hand)
 m - an amulet of guardian spirit (around neck)
 n - a +6 ring of strength (right hand)
Wands
 q - a wand of enslavement (2)
Scrolls
 p - a scroll of fear
Potions
 g - 4 potions of curing
 h - a potion of invisibility
 i - a potion of degeneration {unknown}
 k - a potion of resistance {unknown}
 l - a potion of flight
 o - a potion of cancellation {unknown}
 r - a potion of might {unknown}


   Skills:
 + Level 4.8 Fighting
 * Level 6.5 Maces & Flails
 - Level 1.7 Throwing
 + Level 4.2 Armour
 * Level 5.4 Dodging


You had 7 spell levels left.
You didn't know any spells.
Your spell library was empty.

Dungeon Overview and Level Annotations

Branches:
Dungeon (6/15)             Temple (1/1) D:5

Altars:
Ashenzari
Cheibriados
Dithmenos
Elyvilon
Fedhas
Gozag
Hepliaklqana
Kikubaaqudgha
Makhleb
Nemelex Xobeh
Okawaru
Qazlal
Ru
Sif Muna
Trog
Vehumet
Wu Jian
Xom
Yredelemnul
Zin
The Shining One

Shops:
D:4 [}*


Innate Abilities, Weirdness & Mutations

You are resistant to torment.
Your stone body is resilient. (AC +5)
You are immune to poison.
You resist negative energy. (rN+)
You are resistant to electric shocks. (rElec)
You can survive without breathing.
You are immune to petrification.
You are immune to miasma.


Message History

The orc warrior barely misses you.
You are too injured to fight recklessly!
You are too injured to fight recklessly!
You are too injured to fight recklessly!
You are too injured to fight recklessly!
You barely miss the orc. The orc misses you. The orc wizard closely misses you.
The orc warrior misses you.
You hit the orc.
The orc is severely wounded.
The orc wizard completely misses you.
The cyclops throws a large rock.
The large rock hits you!! Zin protects you from harm!
The large rock disappears in a puff of smoke!
The orc hits you but does no damage. The cyclops misses you.
The orc barely misses you.
You miss the orc wizard.
The orc wizard hits you but does no damage.
The orc closely misses you.
The orc warrior hits you with a +0 glaive!
You die...

#.... #######'## #...........
#.... #....#.(.# #...........
#.....#....#.(.# #######+###+
#.....#....'...# .... .......
#.....'....#.(.# ... .......
###.....#'####..## ..# #######
.......?...###.)###..##.. #....
...........#...Coo....... #....
...........#..oo@........ +....
...........##################....
####'###................#...####'
.......+................#....#...
.......#................'....+...
####.###....(...........###..###'
.###.#....##########......#..#...
..'..'....#....# #....†.'..#...
..#..#....#....# #......#..'...


You could see a cyclops, an orc warrior, an orc wizard and 2 orcs.

Vanquished Creatures
  Duvessa (D:5)
  3 ogres
  A centaur (D:6)
  Dowan (D:5)
  3 scorpions (D:4)
  A jelly (D:5)
  A centaur zombie (D:6)
  A hound (D:5)
  A gnoll shaman (D:5)
  2 orc wizards
  A centaur skeleton (D:5)
  3 iguanas
  3 worker ants (D:5)
  Ijyb (D:5)
  A hound skeleton (D:4)
  3 gnolls (D:5)
  11 adders
  5 oozes
  3 worms (D:3)
  3 dart slugs
  6 leopard geckos
  9 orcs
  8 giant cockroaches
  7 goblins
  11 hobgoblins
  2 jackals (D:6)
  10 kobolds
  4 quokkas
  3 ball pythons
  15 bats
  8 frilled lizards
  A leopard gecko skeleton (D:5)
  11 rats
144 creatures vanquished.

Notes
Turn   | Place    | Note
-------+----------+-------------------------------------------
     0 | D:1      | Borgoz the Gargoyle Gladiator began the quest for the Orb.
     0 | D:1      | Reached XP level 1. HP: 12/12 MP: 1/1
   396 | D:1      | Reached XP level 2. HP: 17/17 MP: 2/2
   583 | D:1      | Reached skill level 1 in Armour
   583 | D:1      | Reached XP level 3. HP: 22/22 MP: 3/3
  1269 | D:2      | Reached XP level 4. HP: 25/27 MP: 4/4
  1576 | D:2      | Found a sparkling altar of Nemelex Xobeh.
  1754 | D:3      | Found an iron altar of Okawaru.
  1764 | D:3      | Reached skill level 4 in Maces & Flails
  1808 | D:3      | Reached XP level 5. HP: 31/32 MP: 5/5
  1905 | D:3      | Became a worshipper of Warmaster Okawaru
  2511 | D:4      | Found Qonuecet's Assorted Antiques.
  2517 | D:4      | Bought a fizzy silvery potion for 21 gold pieces
  2517 | D:4      | Bought a scroll labelled POSE HECKOODE for 24 gold pieces
  2517 | D:4      | Bought a cyan potion for 21 gold pieces
  2616 | D:4      | Reached XP level 6. HP: 32/37 MP: 6/6
  2756 | D:4      | Found Naetez's Armour Shoppe.
  2791 | D:4      | Found Zechaseic's Gadget Boutique.
  2949 | D:4      | Reached * piety under Okawaru
  2956 | D:4      | Reached skill level 5 in Maces & Flails
  2956 | D:4      | Reached XP level 7. HP: 20/41 MP: 7/7
  3612 | D:5      | Entered Level 5 of the Dungeon
  3951 | D:5      | Noticed Duvessa
  3951 | D:5      | Noticed Dowan
  3963 | D:5      | Killed Duvessa
  3977 | D:5      | Killed Dowan
  3977 | D:5      | Reached ** piety under Okawaru
  4089 | D:5      | Reached XP level 8. HP: 48/48 MP: 8/8
  4130 | D:5      | Noticed Ijyb
  4144 | D:5      | Killed Ijyb
  4145 | D:5      | Reached skill level 6 in Maces & Flails
  4368 | D:5      | Reached skill level 5 in Dodging
  4704 | D:5      | Found a staircase to the Ecumenical Temple.
  4740 | Temple   | Entered the Ecumenical Temple
  4974 | Temple   | Fell from the grace of Okawaru
  4974 | Temple   | Became a worshipper of Zin the Law-Giver
  4974 | Temple   | Reached * piety under Zin
  5347 | D:6      | Found a sparkling altar of Nemelex Xobeh.
  5500 | D:6      | Noticed a cyclops
  5508 | D:6      | Zin protects you from harm!
  5510 | D:6      | Slain by an orc warrior

Illustrated notes

Levels and vault maps discovered:
D:1:      sevenhm_arrival_forest_fort_small_5, layout_loops_ring
D:2:      layout_loops_cross, grunt_decor_arrowhead, nemelex_dance_club_becter
D:3:      minmay_octagon_keep, layout_basic, lemuel_tele_altar
D:4:      layout_loops_corners, serial_shops, nicolae_shop_crystal,
          nicolae_shop_crystal, shop, corexii_checkpoint_a
D:5:      layout_basic, minmay_temple_entry_hall, uniq_ijyb, uniq_duvessa
D:6:      layout_gridville, serial_shops, nicolae_shop_crystal,
          nemelex_spade_bored_becter, uniq_pikel, uniq_sigmund, uniq_grinder,
          uniq_edmund
Temple:   compressed_dpeg_triangle_lava_temple

Skill      XL: |  1  2  3  4  5  6  7  8 |
---------------+-------------------------+-----
Armour         | 1 2 3 4 |  4.2
Dodging        | 3 4 5 |  5.4
Maces & Flails | 4 5 6 |  6.5
Fighting       | 3 4 |  4.8
Throwing       | |  1.7

Action                   |  1- 3 |  4- 6 |  7- 9 || total
-------------------------+-------+-------+-------++-------
Melee: Flail             |    97 |   212 |   150 ||   459
       Morningstar       |       |       |    28 ||    28
Throw: Throwing net      |       |     1 |       ||     1
  Use: Scroll            |       |    14 |     2 ||    16
       Potion            |       |       |     1 ||     1
 Stab: Held in net/web   |       |     2 |       ||     2
Armor: Leather armour    |    52 |    39 |       ||    91
       Scale mail        |       |    82 |    96 ||   178
Dodge: Dodged            |    75 |   168 |   161 ||   404

Table legend: (Time is in decaauts)
 A = Elapsed time spent in this place.
 B = Non-inter-level travel time spent in this place.
 C = Inter-level travel time spent in this place.
 D = Time resting spent in this place.
 E = Time spent auto-exploring this place.
 F = Levels seen in this place.
 G = Mean time per level.
                   A        B        C        D        E       F      G
               +--------+--------+--------+--------+--------+-----+--------+
         Total |   5595 |   5396 |    199 |    416 |   3933 |   7 |  799.3 |
       Dungeon |   5265 |   5104 |    161 |    416 |   3643 |   6 |  877.5 |
        Temple |    329 |    291 |     38 |      0 |    290 |   1 |  329.0 |
               +--------+--------+--------+--------+--------+-----+--------+

Top non-repeatable levels by time:
     D:5: 1166 daAuts
     D:4: 1152 daAuts
     D:1: 998 daAuts
     D:3: 765 daAuts
     D:2: 763 daAuts
     D:6: 420 daAuts
  Temple: 329 daAuts
